 Seeded DCSS version 0.29-a0-911-g88e6f02907 (webtiles) character file.

Game seed: 12646791263056600687 (custom seed)

31 purpskrrrp the Sneak (level 3, -1/29 HPs)
             Began as a Demonspawn Delver on July 25, 2022.
             Slain by an ufetubus (2 damage)
             ... on level 4 of the Dungeon.
             The game lasted 00:01:51 (101 turns).

purpskrrrp the Sneak (Demonspawn Delver)             Turns: 101, Time: 00:01:52

Health: -1/29      AC:  3    Str: 14    XL:     3   Next: 7%
Magic:  3/3        EV: 12    Int: 11    God:
Gold:   11         SH:  5    Dex: 14    Spells: 2/2 levels left

rFire   . . .      SeeInvis .   a - +0 mace
rCold   . . .      Faith    .   (no shield)
rNeg    . . .      Spirit   .   b - +0 leather armour
rPois   .          Reflect  +   (no helmet)
rElec   .          Harm     .   (no cloak)
rCorr   .          Rampage  .   (no gloves)
Will    .....                   (no boots)
Stlth   +++.......              h - amulet of reflection
HPRegen 0.09/turn               (no ring)
MPRegen 0.08/turn               (no ring)

@: no status effects
A: hooves 1
a: no special abilities


You were on level 4 of the Dungeon.
You visited 1 branch of the dungeon, and saw 2 of its levels.

You collected 11 gold pieces.

Inventory:

Hand Weapons
 a - a +0 mace (weapon)
Armour
 b - a +0 leather armour (worn)
 c - the +2 ring mail "Worat" {rPois}
   (You found it on level 4 of the Dungeon)

   rPois:     It protects you from poison.
Jewellery
 h - an amulet of reflection (around neck)
Wands
 g - a wand of digging (3)
Scrolls
 d - a scroll of magic mapping
 f - a scroll of identify {unknown}
 i - a scroll of teleportation {unknown}
Potions
 j - a potion of berserk rage {unknown}
 k - a potion of mutation {unknown}
 l - a potion of flight {unknown}


   Skills:
 + Level 3.1 Fighting
 + Level 1.9 Maces & Flails
 + Level 0.1 Armour
 + Level 1.9 Dodging
 + Level 5.2 Stealth


You had 2 spell levels left.
You didn't know any spells.
Your spell library was empty.

Dungeon Overview and Level Annotations

Branches:
Dungeon (5/15)
 Temple: D:4-7

Altars:


Innate Abilities, Weirdness & Mutations

You have large cloven feet.


Message History

There is an escape hatch in the ceiling here.
The ufetubus hits you but does no damage. x2
The ufetubus hits you.
* * * LOW HITPOINT WARNING * * *
The ufetubus hits you but does no damage.
A mysterious force pulls you upwards. The hatch slams shut behind you.
The ufetubus shouts!
The hobgoblin shouts!
Found an emerald potion.
As you read the scroll of fear, it crumbles to dust.
You assume a fearsome visage.
The ball python looks frightened!
The hobgoblin looks frightened!
The dart slug looks frightened!
The ufetubus looks frightened!
The ufetubus resists with some effort.
The ufetubus hits you.
* * * LOW HITPOINT WARNING * * *
You block the ufetubus's attack.
You open the door. You block the ufetubus's attack.
The ufetubus barely misses you. The ufetubus completely misses you.
The ufetubus misses you.
Found a thick jewelled staff, an Everburning Encyclopedia and a sling.
The hobgoblin cries, "Help!"
There is an open door here.
Found an agate-encrusted ring mail.
The ufetubus closely misses you. The ufetubus misses you.
Cornered, the ufetubus turns to fight!
You see here a staff of poison.
You block the ufetubus's attack. The ufetubus misses you.
You see here the +2 ring mail "Worat" {rPois}.
Okay, then.
As you read the scroll of fog, it crumbles to dust.
The scroll dissolves into smoke.
The ufetubus hits you.
* * * LOW HITPOINT WARNING * * *
The ufetubus barely misses you.
c - the +2 ring mail "Worat" {rPois} The ufetubus barely misses you. x2; You block the ufetubus's attack.
The ufetubus barely misses you.
You miss the ufetubus. Your kick misses the ufetubus.
You block the ufetubus's attack. x2; The ufetubus barely misses you.
You block the ufetubus's attack.
You barely miss the ufetubus. The ufetubus barely misses you.
The ufetubus hits you.
You die...

#..# #..#
####..##
..#...##
#......#
#§#§§.###..
#.##§§§§.....#
#..§§@55#
#######§#
##'## #...#
#.....#
#..!....#
#.........#
+.........+
#5........#


You could see 2 ufetubi.

Vanquished Creatures
  A hound (D:5)
  An orc (D:5)
2 creatures vanquished.

Notes
Turn   | Place    | Note
-------+----------+-------------------------------------------
     0 | D:5      | purpskrrrp the Demonspawn Delver began the quest for the
                  | Orb.
     0 | D:5      | Reached XP level 1. HP: 18/18 MP: 1/1
    12 | D:5      | Noticed a hound
    28 | D:5      | Killed a hound
    29 | D:5      | Reached skill level 5 in Stealth
    29 | D:5      | Discovered your monstrous ancestry.
    29 | D:5      | Gained mutation: You have large cloven feet. [demonic
                  | ancestry]
    29 | D:5      | Reached XP level 2. HP: 4/24 MP: 2/2
    29 | D:5      | Reached XP level 3. HP: 5/29 MP: 3/3
    97 | D:4      | Identified the +2 ring mail "Worat" {rPois}
    98 | D:4      | HP: 1/29 [ufetubus (4)]
   101 | D:4      | Slain by an ufetubus

Illustrated notes

Levels and vault maps discovered:
D:4:      layout_loops_corners, lemuel_zombie_altar_yredelemnul,
          minmay_misc_feat_encased, nicolae_take_the_stairs, uniq_grinder
D:5:      layout_basic, minmay_temple_entry_glassed_door,
          cheibrodos_sewer_entry_bend

Skill      XL: |  1 |
---------------+----+-----
Stealth        | 5 |  5.2
Fighting       | |  3.1
Maces & Flails | |  1.9
Armour         | |  0.1
Dodging        | |  1.9

Action                   || total
-------------------------++-------
Melee: Mace              ||    13
  Use: Potion            ||     1
       Scroll            ||     2
Armor: Leather armour    ||     6
Dodge: Dodged            ||    22
Block: Other             ||     9

Table legend: (Time is in decaauts)
 A = Elapsed time spent in this place.
 B = Non-inter-level travel time spent in this place.
 C = Inter-level travel time spent in this place.
 D = Time resting spent in this place.
 E = Time spent auto-exploring this place.
 F = Levels seen in this place.
 G = Mean time per level.
                   A        B        C        D        E       F      G
               +--------+--------+--------+--------+--------+-----+--------+
         Total |     88 |     88 |      0 |      0 |     11 |   2 |   44.0 |
       Dungeon |     88 |     88 |      0 |      0 |     11 |   2 |   44.0 |
               +--------+--------+--------+--------+--------+-----+--------+

Top non-repeatable levels by time:
     D:5: 77 daAuts
     D:4: 10 daAuts
